 Dungeon Crawl Stone Soup version 0.30-a0-414-gcb316572d5 (webtiles) character file.

Game seed: 4023232791571413842

1796 McMuffin the Cleaver (level 9, -5/75 HPs)
             Began as a Hill Orc Fighter on Dec 7, 2022.
             Was a Believer of Beogh.
             Killed from afar by an electric eel (13 damage)
             ... with a bolt of electricity
             ... on level 6 of the Dungeon.
             The game lasted 00:40:01 (3083 turns).

McMuffin the Cleaver (Hill Orc Fighter)             Turns: 3083, Time: 00:40:01

Health: -5/75      AC: 10    Str: 23    XL:     9   Next: 9%
Magic:  9/9        EV:  8    Int:  8    God:    Beogh [**....]
Gold:   245        SH:  4    Dex: 10    Spells: 8/8 levels left

rFire   + . .      SeeInvis .    I - +2 flail (protect)
rCold   . . .      Faith    .    c - +0 buckler
rNeg    . . .      Spirit   .    r - +0 chain mail
rPois   .          Reflect  .    (no helmet)
rElec   .          Harm     .    (no cloak)
rCorr   .          Rampage  .    (no gloves)
Will    .....                    (no boots)
Stlth   ..........               (no amulet)
HPRegen 0.32/turn                h - ring of protection from fire
MPRegen 0.11/turn                (no ring)

@: no status effects
A: no striking features
a: Renounce Religion, Smiting


You were on level 6 of the Dungeon.
You worshipped Beogh.
Beogh was pleased with you.
You visited 2 branches of the dungeon, and saw 7 of its levels.
You also visited: Sewer and Ossuary.

You collected 245 gold pieces.

Inventory:

Hand Weapons
 a - a +0 war axe
 g - a +0 sling
 n - a +0 whip of venom
 I - a +2 flail of protection (weapon)
Missiles
 i - 22 stones
 x - 5 javelins (quivered)
Armour
 b - a +0 scale mail
 c - a +0 buckler (worn)
 r - a +0 chain mail (worn)
 D - a +0 barding
 F - an orb of mayhem
 H - the +0 robe "Pestute" {Rampage Fly Stlth+}
   (You found it on level 6 of the Dungeon)

   Fly:       It grants you flight.
   Rampage:   It bestows one free step when moving towards enemies.
   Stlth:     It makes you more stealthy.
Jewellery
 h - a ring of protection from fire (left hand)
Wands
 E - a wand of acid (2)
Scrolls
 j - 2 scrolls of noise
 k - a scroll of fear
 l - 2 scrolls of poison {unknown}
 m - 2 scrolls of vulnerability {unknown}
 o - 4 scrolls of enchant weapon {unknown}
 p - a scroll of teleportation {unknown}
 q - 3 scrolls of immolation {unknown}
 s - a scroll of magic mapping {unknown}
 v - 3 scrolls of identify {unknown}
 w - a scroll of amnesia {unknown}
 y - a scroll of silence {unknown}
 G - a scroll of blinking {unknown}
Potions
 d - 4 potions of might
 e - 3 potions of invisibility {unknown}
 f - a potion of heal wounds
 t - 2 potions of lignification {unknown}
 u - a potion of brilliance {unknown}
 z - 2 potions of curing {unknown}
 A - 3 potions of resistance {unknown}
 B - a potion of magic
 C - a potion of haste {unknown}


   Skills:
 + Level 6.2 Fighting
 + Level 11.3 Axes
 + Level 0.3(5.9) Maces & Flails
 + Level 1.7 Throwing
 + Level 6.2 Armour
 + Level 1.1 Dodging
 + Level 0.1 Stealth
 + Level 4.4 Shields
 + Level 0.4 Evocations


You had 8 spell levels left.
You didn't know any spells.
Your spell library contained the following spells:

 Spells                   Type           Power      Damage    Failure   Level
 Hailstorm                Conj/Ice       0%         3d3       100%        3
 Ice Form                 Ice/Tmut       0%         N/A       100%        4
 Simulacrum               Ice/Necr       0%         N/A       100%        6


Dungeon Overview and Level Annotations

Branches:
Dungeon (6/15)             Temple (1/1) D:4           Sewer (visited)
Ossuary (visited)

Altars:
Ashenzari
Elyvilon
Kikubaaqudgha
Nemelex Xobeh
Okawaru
Ru
Zin

Shops:
D:5 (


Message History

You kill the howler monkey!
Beogh accepts your kill. The iguana bites you.
You closely miss the electric eel. The iguana bites you.
The iguana closely misses you.
The electric eel shoots out a bolt of lightning at you!
The bolt of electricity misses you.
You miss the electric eel.
The electric eel shoots out a bolt of lightning at you!
The bolt of electricity hits you!
* * * LOW HITPOINT WARNING * * *
You block the iguana's attack.
You feel much better.
The electric eel shoots out a bolt of lightning at you!
The bolt of electricity hits you!
The iguana bites you but does no damage.
The iguana bites you but does no damage.
The electric eel shoots out a bolt of lightning at you!
The bolt of electricity hits the electric eel.
The electric eel completely resists.
The bolt of electricity hits you!
* * * LOW HITPOINT WARNING * * *
The electric eel shoots out a bolt of lightning at you!
The bolt of electricity hits you.
* * * LOW HITPOINT WARNING * * *
You block the iguana's attack.
You feel much better.
The electric eel shoots out a bolt of lightning at you!
The bolt of electricity hits the electric eel.
The electric eel completely resists.
The bolt of electricity hits you!
The iguana bites you but does no damage.
The electric eel shoots out a bolt of lightning at you!
The bolt of electricity misses the electric eel.
The bolt of electricity hits you!
* * * LOW HITPOINT WARNING * * *
The electric eel shoots out a bolt of lightning at you!
The bolt of electricity hits the iguana!
The bolt of electricity hits you!
* * * LOW HITPOINT WARNING * * *
The bolt of electricity hits you!
You die...

.#
......+..~~P..+##
.#
......##.....#...
.#
##....###'####...
....
#...............
....
....##.........
...
+#####......... ..
.............~♣
............♣~~
###+###@####♣ ~~♣~
........l..♣♣~~~~~
....(.....(SS~~P~~
...........♣♣~~♣~P
...........♣ ~P≈~
..########♣~~ ~≈~
. P~~ ≈≈ ~~≈P≈ ≈
♣~≈≈≈


You could see an iguana and 2 electric eels.

Vanquished Creatures
  A wraith (D:6)
  Edmund (D:6)
  2 water moccasins
  A black bear (D:5)
  2 ogres (D:5)
  A necrophage (D:5)
  5 scorpions
  A water moccasin zombie (Ossuary)
  A howler monkey (D:6)
  An electric eel (D:6)
  3 jellies
  A hound (D:5)
  A gnoll bouda (D:5)
  5 iguanas
  An orc wizard (D:4)
  2 mummies (Ossuary)
  5 gnolls (D:5)
  A river rat (D:4)
  7 adders
  A white imp (D:5)
  An ufetubus (D:6)
  7 adder zombies (Ossuary)
  A worm (D:4)
  A dart slug (D:1)
  16 orcs
  5 endoplasms
  3 giant cockroaches (D:4)
  2 gnoll zombies (Ossuary)
  2 goblins (D:1)
  3 hobgoblins
  A jackal (Sewer)
  5 quokkas
  7 ball pythons
  5 bats
  2 frilled lizards
  5 hobgoblin zombies
  4 kobolds
  4 kobold zombies (Ossuary)
  4 orc zombies (Ossuary)
  4 rats
125 creatures vanquished.

Vanquished Creatures (others)
  An orc (D:4)
  A hobgoblin zombie (D:4)
  6 plants (D:6)
8 creatures vanquished.

Grand Total: 133 creatures vanquished

Notes
Turn   | Place    | Note
-------+----------+-------------------------------------------
     0 | D:1      | McMuffin the Hill Orc Fighter began the quest for the Orb.
     0 | D:1      | Reached XP level 1. HP: 19/19 MP: 1/1
   472 | D:1      | Reached XP level 2. HP: 27/27 MP: 2/2
   890 | D:2      | Reached skill level 3 in Axes
   969 | D:2      | Reached XP level 3. HP: 20/33 MP: 3/3
  1372 | D:4      | Reached skill level 4 in Axes
  1372 | D:4      | Reached XP level 4. HP: 33/40 MP: 4/4
  1382 | D:4      | Noticed a scorpion
  1393 | D:4      | Killed a scorpion
  1394 | D:4      | Reached XP level 5. HP: 44/47 MP: 5/5
  1410 | D:4      | Reached skill level 5 in Axes
  1411 | D:4      | Found a glowing drain.
  1438 | Sewer    | Entered a sewer
  1508 | Sewer    | Noticed a water moccasin
  1527 | Sewer    | Killed a water moccasin
  1528 | Sewer    | Reached skill level 6 in Axes
  1528 | Sewer    | Reached XP level 6. HP: 21/53 MP: 6/6
  1781 | D:4      | Became a worshipper of Beogh the Brigand
  1783 | D:4      | Found a sand-covered staircase.
  1817 | Ossuary  | Entered an ossuary
  1920 | Ossuary  | Reached skill level 7 in Axes
  1979 | Ossuary  | Reached * piety under Beogh
  2091 | D:4      | Found a staircase to the Ecumenical Temple.
  2101 | Temple   | Entered the Ecumenical Temple
  2215 | D:5      | Entered Level 5 of the Dungeon
  2215 | D:5      | Noticed a black bear
  2221 | D:5      | Killed a black bear
  2222 | D:5      | Reached skill level 5 in Armour
  2222 | D:5      | Reached XP level 7. HP: 56/60 MP: 7/7
  2231 | D:5      | Reached skill level 5 in Fighting
  2294 | D:5      | Reached skill level 8 in Axes
  2385 | D:5      | Reached skill level 9 in Axes
  2385 | D:5      | Reached skill level 1 in Throwing
  2385 | D:5      | Reached XP level 8. HP: 60/69 MP: 8/8
  2556 | D:5      | Found Osauptupt's Weapon Emporium.
  2651 | D:5      | Reached skill level 1 in Dodging
  2682 | D:5      | Reached skill level 10 in Axes
  2781 | D:6      | Identified the +0 robe "Pestute" {Rampage Fly Stlth+}
  2843 | D:6      | Reached ** piety under Beogh
  2876 | D:6      | Noticed a wraith
  2887 | D:6      | Killed a wraith
  2934 | D:6      | Noticed Edmund
  2953 | D:6      | Killed Edmund
  2954 | D:6      | Reached skill level 11 in Axes
  2954 | D:6      | Reached XP level 9. HP: 46/75 MP: 9/9
  3083 | D:6      | Killed from afar by an electric eel

Illustrated notes

Levels and vault maps discovered:
D:1:      eino_arrival_druids_welcome, layout_loops_ring,
          grunt_decor_one_mirror, minmay_door_square
D:2:      layout_rooms, shapermc_ecumenical_altar_hornbeckon,
          minmay_tiny_reverse_x
D:3:      layout_loops_cross, grunt_temple_overflow_cloverleaf, serial_shops,
          nicolae_shop_hallway_plus, nicolae_lakefront_shop, shop,
          shop_fountains
D:4:      layout_rooms, minmay_temple_entry_poolview, portal_sewer_entry_a,
          enter_ossuary_3, minmay_cut_off
D:5:      minmay_opposing_rooms, layout_basic, kennysheep_little_box,
          serial_shops, shop
D:6:      layout_gridville, serial_bayou, serial_bayou_shore_a,
          serial_bayou_pond_c, serial_bayou_ford_a, serial_bayou_lake_a,
          grunt_ministairs_3, uniq_edmund
Temple:   nicolae_temple_little_seven

Skill      XL: |  1  2  3  4  5  6  7  8 |
---------------+-------------------------+-----
Axes           | 3 4 6 7 9 11 | 11.3
Fighting       | 4 5 6 |  6.2
Armour         | 4 5 6 |  6.2
Throwing       | 1 |  1.7
Shields        | 4 |  4.4
Dodging        | 1 |  1.1
Maces & Flails | |  0.3
Stealth        | |  0.1
Evocations     | |  0.4

Action                   |  1- 3 |  4- 6 |  7- 9 || total
-------------------------+-------+-------+-------++-------
Melee: War axe           |    79 |   155 |   110 ||   344
       Flail             |       |       |    43 ||    43
Throw: Javelin           |       |     8 |    17 ||    25
Invok: Convert to Beogh  |       |     1 |       ||     1
Evoke: Wand              |       |       |     6 ||     6
  Use: Potion            |       |     2 |     3 ||     5
       Scroll            |       |       |     2 ||     2
Armor: Scale mail        |    37 |       |       ||    37
       Chain mail        |     9 |    90 |    73 ||   172
Dodge: Dodged            |    22 |    50 |    43 ||   115
Block: Buckler           |    22 |    26 |    16 ||    64

Table legend: (Time is in decaauts)
 A = Elapsed time spent in this place.
 B = Non-inter-level travel time spent in this place.
 C = Inter-level travel time spent in this place.
 D = Time resting spent in this place.
 E = Time spent auto-exploring this place.
 F = Levels seen in this place.
 G = Mean time per level.
                   A        B        C        D        E       F      G
               +--------+--------+--------+--------+--------+-----+--------+
         Total |   3195 |   3195 |      0 |      0 |      0 |   9 |  355.0 |
       Dungeon |   2744 |   2744 |      0 |      0 |      0 |   6 |  457.3 |
        Temple |     31 |     31 |      0 |      0 |      0 |   1 |   31.0 |
         Sewer |    180 |    180 |      0 |      0 |      0 |   1 |  180.0 |
       Ossuary |    239 |    239 |      0 |      0 |      0 |   1 |  239.0 |
               +--------+--------+--------+--------+--------+-----+--------+

Top non-repeatable levels by time:
     D:1: 896 daAuts
     D:5: 558 daAuts
     D:4: 557 daAuts
     D:6: 334 daAuts
     D:2: 287 daAuts
 Ossuary: 239 daAuts
   Sewer: 180 daAuts
     D:3: 109 daAuts
  Temple: 31 daAuts
